 Dungeon Crawl Stone Soup version 0.26.0-45-g9c1d065592 (webtiles) character file.

Game seed: 2773079801605256478

(classic levelgen) 131 thiole the Magician (level 5, 0/32 (34) HPs)
             Began as an Octopode Hedge Wizard on Feb 1, 2021.
             Slain by a wight
             ... wielding a +5 long sword
              (1 damage)
             ... on level 2 of the Dungeon.
             The game lasted 00:03:37 (3111 turns).

thiole the Magician (Octopode Hedge Wizard)         Turns: 3111, Time: 00:03:37

HP:   0/32 (34)     AC:  1    Str:  9    XL:     5   Next: 14%
MP:   9/9           EV: 13    Int: 23    God:
Gold: 99            SH:  0    Dex: 12    Spells: 9/10 levels left

rFire    . . .     SeeInvis .   e - +3 short sword
rCold    . . .     Faith    .   (no shield)
rNeg     . . .     Spirit   .   b - +0 hat
rPois    .         Reflect  .   (no amulet)
rElec    .         Harm     .   d - +6 ring of intelligence
rCorr    .         Rampage  .   (no ring)
Will     .....                  (no ring)
Stlth    +++.......             (no ring)
HPRegen  0.10/turn              (no ring)
MPRegen  0.11/turn              (no ring)
                                (no ring)
                                (no ring)

@: drained
A: almost no armour, stealthy swim, amphibious, 8 rings, constrict 8, camouflage
1, gelatinous body 1
a: no special abilities


You were on level 2 of the Dungeon.
You visited 1 branch of the dungeon, and saw 3 of its levels.

You collected 99 gold pieces.

Inventory:

Hand Weapons
 a - a +0 dagger
 e - a +3 short sword (weapon)
 l - a +2 hunting sling of freezing
Missiles
 h - 28 sling bullets
Armour
 b - a +0 hat (worn)
Jewellery
 d - a +6 ring of intelligence (left tentacle)
Scrolls
 j - a scroll of amnesia {unknown}
Potions
 c - a potion of might {unknown}
 f - 2 potions of heal wounds {unknown}
 k - a potion of berserk rage {unknown}


   Skills:
 - Level 2.0 Fighting
 - Level 2.0 Dodging
 - Level 2.6 Stealth
 - Level 3.0 Spellcasting
 - Level 3.0 Conjurations
 - Level 1.0 Summonings
 - Level 1.0 Translocations
 + Level 1.6 Fire Magic
 - Level 2.0 Air Magic


You had 9 spell levels left.
You knew the following spells:

 Your Spells              Type           Power        Failure   Level
a - Magic Dart            Conj           68%          3%          1

Your spell library contained the following spells:

 Spells                   Type           Power        Failure   Level
 Blink                    Tloc           N/A          12%         2
 Call Imp                 Summ           8%           12%         2
 Conjure Flame            Conj/Fire      14%          14%         3
 Slow                     Hex            3%           17%         2
 Mephitic Cloud           Conj/Pois/Air  11%          19%         3


Dungeon Overview and Level Annotations

Branches:
Dungeon (3/15)

Altars:


Innate Abilities, Weirdness & Mutations

You cannot wear most types of armour.
You are very stealthy in the water. (Stealth+)
You are amphibious.
You can wear up to eight rings at the same time.
You can use your tentacles to constrict eight enemies at once.
Your skin changes colour to match your surroundings (Stealth+).
Your rubbery body absorbs attacks. (AC +1, EV +1)


Message History

* * * LOW HITPOINT WARNING * * *
You feel drained.
You hit the wight.
The wight is moderately damaged.
You constrict the wight, but do no damage.
The wight barely misses you.
You hit the wight but do no damage.
The wight is moderately damaged.
You constrict the wight, but do no damage.
The wight misses you.
You hit the wight but do no damage.
The wight is moderately damaged.
You constrict the wight. The wight barely misses you.
You hit the wight. You squeeze the wight.
The wight is heavily damaged.
You constrict the wight, but do no damage.
The wight hits you with a +5 long sword!
* * * LOW HITPOINT WARNING * * *
You feel drained.
You die...

#.# #.# #.#
#.## #.# #..#
#.# ##.# ###.#
#.# #...# #.#
#.### #.#
#.##### #.#
......# ####@#
(.....# #...z#
......# #.####
......#######.#
......##......#
###..###.######
#..# #.# # #..#
#.# # #..# #.#


You could see a wight.

Vanquished Creatures
  2 wights (D:2)
  An adder (D:2)
  A dart slug (D:2)
  2 leopard geckos (D:1)
  10 bats
  A giant cockroach (D:1)
  3 goblins (D:1)
  4 hobgoblins (D:1)
  4 kobolds
  7 ball pythons (D:2)
  A frilled lizard (D:2)
  4 rats
40 creatures vanquished.

Notes
Turn   | Place    | Note
-------+----------+-------------------------------------------
     0 | D:1      | thiole the Octopode Hedge Wizard began the quest for the
                  | Orb.
     0 | D:1      | Reached XP level 1. HP: 11/11 MP: 4/4
   276 | D:1      | Reached XP level 2. HP: 17/17 MP: 1/6
   707 | D:1      | Reached XP level 3. HP: 21/21 MP: 5/7
  1312 | D:2      | Reached skill level 1 in Fighting
  2482 | D:2      | Reached skill level 1 in Air Magic
  2482 | D:2      | Reached XP level 4. HP: 7/29 MP: 8/8
  2786 | D:2      | Reached skill level 1 in Fire Magic
  2786 | D:2      | Reached XP level 5. HP: 10/34 MP: 9/9
  3111 | D:2      | HP: 1/33 [wight/+5 long sword (8)]
  3111 | D:2      | Slain by a wight

Illustrated notes

Levels and vault maps discovered:
D:1:      elethiomel_arrival_shortcut, layout_basic
D:2:      layout_loops_ring, minmay_crystal_water, minmay_shallow_snake_nest
D:3:      layout_loops_corners, uniq_ijyb

Skill      XL: |  1  2  3  4 |
---------------+-------------+-----
Conjurations   | 2 3 |  3.0
Fighting       | 2 |  2.0
Air Magic      | 1 2 |  2.0
Fire Magic     | 1 |  1.6
Dodging        | |  2.0
Stealth        | |  2.6
Spellcasting   | |  3.0
Summonings     | |  1.0
Translocations | |  1.0

Action                   |  1- 3 |  4- 6 || total
-------------------------+-------+-------++-------
Melee: Dagger            |    25 |    15 ||    40
       Constrict         |     8 |     3 ||    11
       Tentacles         |     5 |     4 ||     9
       Short sword       |       |     7 ||     7
 Fire: Hunting sling     |     4 |       ||     4
 Cast: Magic Dart        |    64 |       ||    64
  Use: Scroll            |     6 |       ||     6
 Stab: Sleeping          |     1 |       ||     1
Dodge: Dodged            |    18 |    16 ||    34
